 Dungeon Crawl Stone Soup version 0.30-a0-953-g5f1da4a474 (webtiles) character file.

Game seed: 9389103874217635428

15167 mistaj the Blocker (level 12, -8/69 HPs)
             Began as a Vine Stalker Fighter on Mar 28, 2023.
             Was a High Priest of Cheibriados.
             Mangled by a skeletal warrior
             ... wielding a +0 scimitar
              (14 damage)
             ... on level 11 of the Dungeon.
             The game lasted 00:16:12 (10370 turns).

mistaj the Blocker (Vine Stalker Fighter)          Turns: 10370, Time: 00:16:13

Health: -8/69      AC: 21    Str: 35    XL:     12   Next: 24%
Magic:  0/13       EV: 13    Int: 19    God:    Cheibriados [*****.]
Gold:   563        SH:  9    Dex: 28    Spells: 11/11 levels left

rFire   . . .      SeeInvis .    n - +2 whip (elec)
rCold   . . .      Faith    .    c - +0 buckler
rNeg    . . .      Spirit   +    b - +0 plate armour
rPois   .          Reflect  .    w - +2 hat "Hounwiucho" {Dex+3}
rElec   .          Rampage  .    z - +2 cloak
rCorr   .                        (no gloves)
Will    +....                    k - +0 pair of boots Stlth
                                 t - amulet of regeneration
HPRegen 1.91/turn                l - +5 ring of evasion
MPRegen 0.13/turn                A - +4 ring of protection

@: studying Shields, very slow
A: fangs 3, regeneration 1, magic shield, antimagic bite, no potion heal 2
a: Renounce Religion, Bend Time, Temporal Distortion, Slouch, Step From Time


You were on level 11 of the Dungeon.
You worshipped Cheibriados.
Cheibriados was extremely pleased with you.
You visited 1 branch of the dungeon, and saw 12 of its levels.

You collected 563 gold pieces.

Inventory:

Hand Weapons
 a - a +0 war axe
 n - a +2 whip of electrocution (weapon)
Missiles
 j - a throwing net (quivered)
 v - 2 javelins
Armour
 b - a +0 plate armour (worn)
 c - a +0 buckler (worn)
 k - a +0 pair of boots (worn)
 w - the +2 hat "Hounwiucho" (worn) {Dex+3}
   (You found it on level 6 of the Dungeon)

   Dex:       It affects your dexterity (+3).
 z - a +2 cloak (worn)
Jewellery
 l - a +5 ring of evasion (left hand)
 t - an amulet of regeneration (around neck)
 A - a +4 ring of protection (right hand)
Wands
 q - a wand of polymorph (24)
 s - a wand of quicksilver (3)
 B - a wand of roots (7)
Scrolls
 e - 2 scrolls of amnesia
 g - 3 scrolls of poison
 h - 2 scrolls of enchant weapon
 i - 7 scrolls of teleportation
 m - 2 scrolls of immolation
 r - 2 scrolls of fog
 u - 3 scrolls of enchant armour
 y - a scroll of butterflies
Potions
 d - 6 potions of might
 f - a potion of flight
 o - 6 potions of curing
 p - 2 potions of ambrosia
 x - 4 potions of mutation
 C - a potion of lignification {unknown}


   Skills:
 - Level 10.8 Fighting
 - Level 3.1(7.1) Axes
 + Level 10.0(10.3) Maces & Flails
 + Level 2.5 Armour
 + Level 0.5 Dodging
 + Level 10.9 Shields


You had 11 spell levels left.
You didn't know any spells.
Your spell library contained the following spells:

 Spells                   Type           Power      Damage    Failure   Level
 Beastly Appendage        Tmut           0%         N/A       89%         1
 Cigotuvi's Dreadful Rot  Necr/Pois/Air  0%         N/A       96%         2
 Ensorcelled Hibernation  Hex/Ice        0%         N/A       96%         2
 Passwall                 Tmut/Erth      0%         N/A       96%         2
 Poisonous Vapours        Pois/Air       0%         N/A       96%         2
 Wereblood                Tmut           0%         N/A       96%         2
 Inner Flame              Hex/Fire       0%         N/A       99%         3
 Mephitic Cloud           Conj/Pois/Air  0%         N/A       99%         3
 Spider Form              Tmut/Pois      0%         N/A       99%         3
 Swiftness                Air            0%         N/A       99%         3
 Cause Fear               Hex            0%         N/A       100%        4
 Conjure Ball Lightning   Conj/Air       0%         3x3d6     100%        6
 Malign Gateway           Summ/Tloc      0%         N/A       100%        7
 Discord                  Hex            0%         N/A       100%        8
 Disjunction              Tloc           0%         N/A       100%        8
 Summon Horrible Things   Summ           0%         N/A       100%        8


Dungeon Overview and Level Annotations

Branches:
Dungeon (12/15)            Temple (0/1) D:5            Lair (0/5) D:11
    Orc: D:9-12

Altars:
Ashenzari
Cheibriados
Dithmenos
Fedhas
Kikubaaqudgha
Ru
Trog
Vehumet
Zin
The Shining One

Shops:
D:3 (   D:8 :


Innate Abilities, Weirdness & Mutations

You have razor-sharp teeth.
Your natural rate of healing is unusually fast.
When hurt, damage is shared between your health and your magic reserves.
Your bite disrupts and absorbs the magic of your enemies.
Potions cannot restore your health.


Message History

You feel invigorated.
The shadow is almost destroyed.
You hit the shadow.
You destroy the shadow!
Cheibriados appreciates the change of pace.
You start resting.
HP restored.
You start waiting.
Done waiting.
u - 3 scrolls of enchant armour (gained 1)
Found a shortbow.
You see here a manticore skeleton.
Found a dagger.
Found a stone staircase leading up.
Found a club.
You now have 563 gold pieces (gained 19).
A skeletal warrior is nearby!
A skeletal warrior comes into view. It is wielding a +0 scimitar.
The skeletal warrior hits you with a +0 scimitar.
The skeletal warrior hits you from afar with a +0 glaive!!
You block the skeletal warrior's attack.
The skeletal warrior misses you.
The skeletal warrior hits you but does no damage.
You block the skeletal warrior's attack.
The skeletal warrior hits you with a +0 scimitar!!
The skeletal warrior hits you from afar with a +0 glaive!!
You block the skeletal warrior's attack.
The skeletal warrior hits you from afar with a +0 glaive.
The skeletal warrior hits you with a +0 scimitar!
* * * LOW HITPOINT WARNING * * *
The skeletal warrior hits you from afar with a +0 glaive!
* * * LOW HITPOINT WARNING * * *
The skeletal warrior closely misses you.
The skeletal warrior attacks as you move away!
The skeletal warrior hits you with a +0 scimitar!
* * * LOW HITPOINT WARNING * * *
The skeletal warrior hits you from afar with a +0 glaive!
* * * LOW HITPOINT WARNING * * *
The skeletal warrior hits you with a +0 scimitar!
You die...

..............................
..............................
..............................
..............................
..####################.......#
..#..........................#
..#..........................#
..#..........................#
..# ...........z@.<..........#
########..............########
..............z...............
..............................
.z............................
..............................
..............................
..............................
..........)...................


You could see 2 skeletal warriors.

Vanquished Creatures
  2 hydras
  3 two-headed ogres
  Pikel (D:6)
  An ugly thing (D:12)
  2 manticores
  A cyclops (D:7)
  Maurice (D:8)
  The ghost of DeathPants the Slasher, a novice VSGl (D:7)
  A gargoyle (D:11)
  A rime drake (D:11)
  A komodo dragon (D:11)
  A kobold demonologist (D:11)
  Prince Ribbit (D:8)
  4 trolls
  A hornet (D:9)
  Grinder (D:4)
  A shadow (D:11)
  2 wraiths
  3 wyverns
  13 yaks
  4 steam dragons (D:7)
  A water moccasin (D:7)
  2 orc warriors
  8 ice beasts
  A sky beast (D:5)
  3 ogres
  2 centaurs
  2 wolves (D:11)
  A phantom (D:4)
  Blork the orc (D:5)
  5 bullfrogs
  A kobold brigand (D:10)
  4 scorpions
  5 wights
  3 killer bees (D:9)
  2 vampire bats (D:8)
  5 howler monkeys
  A hound (D:7)
  2 jellies
  2 orc priests
  A gnoll bouda (D:3)
  7 orc wizards
  3 iguanas
  14 gnolls
  10 adders
  A white imp (D:7)
  An ufetubus (D:4)
  5 dart slugs
  18 orcs
  9 ball pythons
  7 bats
  2 bat skeletons (D:8)
  2 bat zombies (D:8)
  9 endoplasms
  5 giant cockroaches
  5 goblins
  4 hobgoblins
  2 quokkas
  2 frilled lizards (D:1)
  10 kobolds
  4 rats
218 creatures vanquished.

Notes
Turn   | Place    | Note
-------+----------+-------------------------------------------
     0 | D:1      | mistaj the Vine Stalker Fighter began the quest for the
                  | Orb.
     0 | D:1      | Reached XP level 1. HP: 11/11 MP: 2/2
    67 | D:1      | Reached XP level 2. HP: 16/16 MP: 3/3
   567 | D:1      | Reached XP level 3. HP: 20/20 MP: 4/4
   954 | D:2      | HP: 1/20 [gnoll/+0 whip (3)]
   989 | D:2      | Gained mutation: Your natural rate of healing is unusually
                  | fast. [Vine Stalker growth]
   989 | D:2      | Reached XP level 4. HP: 7/24 MP: 2/5
  1123 | D:2      | Found a bloodstained altar of Trog.
  1323 | D:3      | Found a faded altar of an unknown god.
  1345 | D:3      | Found Qopulyut's Weapon Emporium.
  1524 | D:3      | Reached XP level 5. HP: 26/28 MP: 4/6
  1719 | D:3      | Reached skill level 1 in Maces & Flails
  1719 | D:3      | Reached XP level 6. HP: 30/33 MP: 5/7
  2078 | D:3      | Found a sacrificial altar of Ru.
  2078 | D:3      | Found a snail-covered altar of Cheibriados.
  2079 | D:3      | Found a glowing silver altar of Zin.
  2088 | D:3      | Became a worshipper of Cheibriados the Contemplative
  2273 | D:4      | Noticed Grinder
  2274 | D:4      | Paralysed by Grinder for 5 turns
  2496 | D:4      | Identified the +1 robe "Suylum" {rF++}
  2517 | D:4      | Killed Grinder
  2518 | D:4      | Reached XP level 7. HP: 37/38 MP: 8/8
  2912 | D:4      | Found a blossoming altar of Fedhas.
  2944 | D:4      | Found a glowing golden altar of the Shining One.
  3107 | D:5      | Entered Level 5 of the Dungeon
  3115 | D:5      | Found a staircase to the Ecumenical Temple.
  3189 | D:5      | Reached skill level 5 in Fighting
  3189 | D:5      | Reached skill level 5 in Shields
  3276 | D:5      | Reached * piety under Cheibriados
  3277 | D:5      | Gained mutation: You have razor-sharp teeth. [Vine Stalker
                  | growth]
  3277 | D:5      | Reached XP level 8. HP: 43/43 MP: 9/9
  3301 | D:5      | Noticed Blork the orc
  3310 | D:5      | Killed Blork the orc
  3931 | D:6      | Found a shadowy altar of Dithmenos.
  4025 | D:6      | Identified the +2 hat "Hounwiucho" {Dex+3}
  4307 | D:6      | Noticed Pikel
  4320 | D:6      | Killed Pikel
  4321 | D:6      | Reached skill level 5 in Maces & Flails
  4321 | D:6      | Reached XP level 9. HP: 49/49 MP: 10/10
  4869 | D:7      | Noticed a two-headed ogre
  4869 | D:7      | Noticed a manticore
  5191 | D:7      | Noticed a cyclops
  5232 | D:6      | Killed a manticore
  5259 | D:7      | Killed a cyclops
  5265 | D:7      | Reached XP level 10. HP: 38/56 MP: 11/11
  5320 | D:7      | Killed a two-headed ogre
  5345 | D:7      | Found a runed translucent gate.
  5346 | D:7      | Found a runed translucent gate.
  5346 | D:7      | Found a runed translucent gate.
  5348 | D:7      | Noticed DeathPants's ghost (novice VSGl)
  5361 | D:7      | Reached ** piety under Cheibriados
  5975 | D:7      | Noticed a two-headed ogre
  5988 | D:7      | Killed a two-headed ogre
  6272 | D:8      | Noticed Maurice
  6304 | D:8      | Killed Maurice
  6305 | D:8      | Reached XP level 11. HP: 58/62 MP: 10/12
  6387 | D:8      | Found Goekameo's Tremendous Tomes.
  6451 | D:8      | Reached *** piety under Cheibriados
  6515 | D:8      | Found a radiant altar of Vehumet.
  6657 | D:8      | Noticed Prince Ribbit
  6664 | D:8      | Killed Prince Ribbit
  6814 | D:8      | Found an ancient bone altar of Kikubaaqudgha.
  6965 | D:7      | Killed DeathPants's ghost
  7207 | D:9      | You fall into a shaft and drop 3 floors!
  7239 | D:12     | Noticed a cyan ugly thing
  7252 | D:12     | Killed a cyan ugly thing
  7404 | D:11     | Noticed an eight-headed hydra
  7414 | D:11     | Killed an eight-headed hydra
  7447 | D:11     | Found a staircase to the Lair.
  7455 | D:11     | Reached **** piety under Cheibriados
  7479 | D:11     | Noticed a two-headed ogre
  7486 | D:11     | Killed a two-headed ogre
  7487 | D:11     | Reached skill level 10 in Fighting
  7487 | D:11     | Reached skill level 10 in Shields
  7502 | D:11     | Noticed a skeletal warrior
  7502 | D:11     | Noticed a skeletal warrior
  7502 | D:11     | Noticed a skeletal warrior
  7520 | D:11     | HP: 1/63 [skeletal warrior/+0 war axe (3)]
  7620 | D:10     | Entered Level 10 of the Dungeon
  7894 | D:9      | Noticed a five-headed hydra
  7907 | D:9      | Killed a five-headed hydra
  8976 | D:10     | Found a broken altar of Ashenzari.
  9158 | D:10     | Reached XP level 12. HP: 68/68 MP: 13/13
  9168 | D:10     | Reached ***** piety under Cheibriados
  9206 | D:10     | Identified the +0 leather armour "Dikku" {Rampage SInv}
  9933 | D:11     | Reached skill level 10 in Maces & Flails
 10370 | D:11     | Mangled by a skeletal warrior

Illustrated notes

Levels and vault maps discovered:
D:1:      dpeg_arrival_round_c, layout_loops_cross, dk_noncrumbling_2
D:2:      layout_rooms, basic_altar, mrwooster_statue_mirror
D:3:      layout_basic, gammafunk_temple_overflow_claw, basic_ecumenical_altar,
          serial_shops, nicolae_shop_bloodbath_and_beyond
D:4:      layout_cave_pools, mainiacjoe_overflow_two_lobes, uniq_grinder
D:5:      layout_gridville, temple_fountains,
          hangedman_abyss_or_decor_lesser_grid, uniq_blork_the_orc
D:6:      layout_basic, nicolae_dithmenos_shadow_blocks, uniq_pikel
D:7:      cheibrodos_fzero, layout_loops_ring, ebering_ghost_rock_garden
D:8:      layout_cave_pools, nicolae_vehumet_altar_sigil,
          kennysheep_vampire_church, nicolae_shop_i_like_big_books,
          minmay_misc_feat_alley, nicolae_concentric_dashed_squares_mild,
          uniq_maurice, uniq_prince_ribbit1
D:9:      nicolae_cairo_tiling_large, layout_stronghold
D:10:     layout_loops_ring, ashenzari_conservatory_becter, serial_rivers,
          chequers_serial_rivers_micro_a, chequers_serial_rivers_micro_a,
          chequers_serial_rivers_small_3, chequers_serial_rivers_micro_a,
          chequers_serial_rivers_micro_d, chequers_serial_rivers_large_a
D:11:     layout_grid_maze, hellmonk_lair_entry_icy
D:12:     layout_basic, david_orc_4, ploomutoo_gammafunk_ghost_potion_laboratory

Skill      XL: |  1  2  3  4  5  6  7  8  9 10 11 12 |
---------------+-------------------------------------+-----
Axes           | 2 3 |  3.1
Fighting       | 3 4 5 6 7 9 10 | 10.8
Shields        | 3 4 5 6 7 9 10 | 10.9
Maces & Flails | 1 2 3 5 6 8 9 10 | 10.0
Armour         | |  2.5
Dodging        | |  0.5

Action                     |  1- 3 |  4- 6 |  7- 9 | 10-12 || total
---------------------------+-------+-------+-------+-------++-------
  Melee: War axe           |    88 |    63 |       |       ||   151
         Bite              |    13 |    23 |    61 |   163 ||   260
         Whip              |       |    54 |   184 |   422 ||   660
    Use: Scroll            |       |       |     5 |    10 ||    15
 Armour: Scale mail        |    56 |    34 |    30 |       ||   120
         Plate armour      |       |       |    44 |   166 ||   210
  Dodge: Dodged            |    47 |    80 |   124 |   177 ||   428
  Block: Buckler           |    24 |    21 |    55 |   155 ||   255

Table legend: (Time is in decaauts)
 A = Elapsed time spent in this place.
 B = Non-inter-level travel time spent in this place.
 C = Inter-level travel time spent in this place.
 D = Time resting spent in this place.
 E = Time spent auto-exploring this place.
 F = Levels seen in this place.
 G = Mean time per level.
                   A        B        C        D        E       F      G
               +--------+--------+--------+--------+--------+-----+--------+
         Total |  13583 |  13077 |    506 |   1581 |   8562 |  12 | 1131.9 |
       Dungeon |  13583 |  13077 |    506 |   1581 |   8562 |  12 | 1131.9 |
               +--------+--------+--------+--------+--------+-----+--------+

Top non-repeatable levels by time:
     D:9: 1712 daAuts
    D:10: 1612 daAuts
     D:6: 1522 daAuts
    D:11: 1467 daAuts
     D:7: 1459 daAuts
     D:3: 1238 daAuts
     D:8: 1144 daAuts
     D:5: 1055 daAuts
     D:1: 834 daAuts
     D:4: 763 daAuts
     D:2: 526 daAuts
    D:12: 245 daAuts
